 Dungeon Crawl Stone Soup version 0.29-a0-286-g41199d4a87 (webtiles) character file.

Game seed: 11927298302529697456

219 esteth the Skirmisher (level 5, -1/39 HPs)
             Began as an Octopode Fighter on Mar 16, 2022.
             Slain by Pikel
             ... wielding a +2 whip of flaming
              (3 damage)
             ... on level 4 of the Dungeon.
             The game lasted 00:05:54 (3545 turns).

esteth the Skirmisher (Octopode Fighter)            Turns: 3545, Time: 00:05:55

Health: -1/39      AC:  1    Str: 15    XL:     5   Next: 96%
Magic:  0/5        EV: 13    Int: 10    God:
Gold:   167        SH:  5    Dex: 14    Spells: 4/4 levels left

rFire   . . .      SeeInvis .   a - +0 long sword
rCold   . . .      Faith    .   b - +0 buckler
rNeg    . . .      Spirit   +   (helmet restricted)
rPois   +          Reflect  .   G - amulet of guardian spirit
rElec   .          Harm     .   P - ring of poison resistance
rCorr   +          Rampage  .   R - ring of resist corrosion
Will    .....                   (no ring)
Stlth   ++........              (no ring)
HPRegen 0.13/turn               (no ring)
MPRegen 0.09/turn               (no ring)
                                (no ring)
                                (no ring)

@: no status effects
A: almost no armour, amphibious, 8 rings, camouflage 1, gelatinous body 1,
(nimble swimmer 1), tentacles
a: no special abilities


You were on level 4 of the Dungeon.
You visited 1 branch of the dungeon, and saw 4 of its levels.

You collected 167 gold pieces.


Innate Abilities, Weirdness & Mutations

You cannot wear most types of armour.
You are amphibious.
You can wear up to eight rings at the same time.
Your skin changes colour to match your surroundings (Stealth+).
Your rubbery body absorbs attacks. (AC +1, EV +1)
((You are camouflaged when in or above water. (Stealth+)))
You have tentacles for arms and can constrict up to eight enemies at once.


   Skills:
 + Level 5.0 Fighting
 + Level 4.4 Long Blades
 - Level 3.0 Dodging
 - Level 3.0 Shields


You had 4 spell levels left.
You didn't know any spells.
Your spell library was empty.

Inventory:

Hand Weapons
 a - a +0 long sword (weapon)
 p - a +0 great sword
   (You found it on level 4 of the Dungeon)
Missiles
 c - 3 boomerangs of dispersal {=f!f}
 e - 78 stones (quivered)
 m - 10 poisoned darts
Armour
 b - a +0 buckler (worn)
Magical Staves
 j - a staff of earth {!a}
   (You found it on level 2 of the Dungeon)
Jewellery
 G - an amulet of guardian spirit (around mantle)
   (You found it on level 1 of the Dungeon)
 P - a ring of poison resistance (left tentacle)
   (You found it on level 1 of the Dungeon)
 R - a ring of resist corrosion (right tentacle)
   (You found it on level 4 of the Dungeon)
Scrolls
 d - a scroll of enchant weapon {unknown}
 f - 2 scrolls of fog {unknown}
 g - 3 scrolls of teleportation {unknown}
 i - 2 scrolls of identify {unknown}
 n - a scroll of noise {unknown}
 q - a scroll of acquirement {unknown}
Potions
 h - a potion of curing {@q1}
 k - 2 potions of flight {unknown}
 l - a potion of berserk rage {unknown}
 o - a potion of attraction {unknown}

Dungeon Overview and Level Annotations

Branches:
Dungeon (4/15)
 Temple: D:4-7

Altars:

Annotations:
D:4 exclusion: phantom, Pikel

### #####.# #.[...# #.###.#
#..@K.# #).##.############# #
####..##.5...[..##...# #########
#......+..5.....##...##
........###.#....#....5...#......
............#....+........#......
.....†...........#...............
.............########'''########.
.............########...##### #.


You could see Pikel and 3 lemures.


Message History

An endoplasm is nearby!
No reachable target in view!
No reachable target in view!
The endoplasm barely misses you.
You slash the endoplasm!
You kill the endoplasm!
No target in view!
You now have 163 gold pieces (gained 10).
You now have 167 gold pieces (gained 4).
There is an open door here.
A hobgoblin comes into view.
The hobgoblin shouts!
The hobgoblin misses you.
You hit the hobgoblin. You grab the hobgoblin.
You constrict the hobgoblin, but do no damage.
The hobgoblin hits you. 😕 HP[-1]
You take 1 damage, and now have 38/39 hp.
You slash the hobgoblin!
You kill the hobgoblin!
No target in view!
q - a scroll labelled MUFAUWKIGYW 😎 HP[+1]
Your hp is fully restored (39).
A lemure comes into view.
The lemure shouts!
You hear a shout! x2
A lemure comes into view.
You see here 11 gold pieces.
Pikel, Merchant of Souls comes into view.
He is wielding a +2 whip of flaming.
Pikel shouts!
You hear a shout!
A lemure comes into view. x2
You see here 11 gold pieces.
There is an open door here.
You block the lemure's attack. The lemure attacks as you move away!
The lemure barely misses you. The lemure barely misses you.
The lemure attacks as you move away! The lemure closely misses you.
The lemure attacks as you move away! The lemure closely misses you.
The lemure attacks as you move away! The lemure closely misses you.
The lemure attacks as you move away! The lemure barely misses you.
A kobold comes into view. It is wielding a +0 hand axe.
The lemure attacks as you move away! The lemure hits you. 😕 HP[-2]
You take 2 damage, and now have 37/39 hp.
The lemure attacks as you move away!
The lemure hits you but does no damage. 😕 HP[+1]
The lemure attacks as you move away! The lemure misses you.
Pikel says, "You'll feel the lick of my whip!"
The kobold shouts!
The kobold attacks as you move away! The kobold closely misses you. 😎 HP[+1]
Your hp is fully restored (39).
The kobold attacks as you move away! You block the kobold's attack.
The lemure attacks as you move away! The lemure hits you.
The kobold attacks as you move away! You block the kobold's attack. 😕 HP[-1]
You take 1 damage, and now have 38/39 hp.
You hit the kobold.
You kill the kobold!
The lemure misses you.
You hit the lemure. Your grab misses the lemure.
The lemure hits you! 😕 HP[-5] MP[-1]
You take 5 damage, and now have 33/39 hp.
You lost 1 mp, and now have 4/5 mp.
You hit the lemure but do no damage. You grab the lemure.
You constrict the lemure. The lemure closely misses you.
You barely miss the lemure. You squeeze the lemure! You constrict the lemure.
The lemure hits you! 😮 HP[-9] MP[-1]
You take 9 damage, and now have 24/39 hp.
MASSIVE DAMAGE!! (PAUSE)
You lost 1 mp, and now have 3/5 mp.
The lemure shouts!
You slash the lemure! You constrict the lemure. You block the lemure's attack.
The lemure shouts!
You hit the lemure but do no damage. You squeeze the lemure!
You kill the lemure!
That felt strangely unrewarding.
Pikel hits you with a +2 whip of flaming.
* * * LOW HITPOINT WARNING * * *
Pikel burns you. 😨 HP[-5] MP[-1]
You take 5 damage, and now have 19/39 hp.
You lost 1 mp, and now have 2/5 mp.
The lemure shouts!
You hit Pikel. You grab Pikel. You squeeze Pikel!
You constrict Pikel, but do no damage.
Pikel hits you with a +2 whip of flaming!
* * * LOW HITPOINT WARNING * * *
Pikel burns you.
* * * LOW HITPOINT WARNING * * *
😱 HP[-13] MP[-1]
You take 13 damage, and now have 6/39 hp.
MASSIVE DAMAGE!! (PAUSE)
You lost 1 mp, and now have 1/5 mp.
You feel better.
You constrict Pikel.
Pikel hits you with a +2 whip of flaming!
* * * LOW HITPOINT WARNING * * *
Pikel burns you.
You die...

Skill      XL: |  1  2  3  4  5 |
---------------+----------------+-----
Long Blades    | 3 4 |  4.4
Fighting       | 4 5 |  5.0
Dodging        | |  3.0
Shields        | |  3.0

Action                   |  1- 3 |  4- 6 || total
-------------------------+-------+-------++-------
Melee: Long sword        |    82 |    99 ||   181
       Tentacles         |    16 |    18 ||    34
       Constrict         |    14 |    30 ||    44
       Punch             |     3 |       ||     3
  Use: Potion            |       |     3 ||     3
 Stab: Sleeping          |     4 |    15 ||    19
Armor: Skin              |     4 |     3 ||     7
Dodge: Dodged            |    39 |    43 ||    82
Block: Buckler           |    12 |    21 ||    33

Levels and vault maps discovered:
D:1:      dpeg_arrival_caged_fury, layout_loops_cross,
          hellmonk_ecumenical_altar_slurped_away, chequers_serial_rivers_micro_c
D:2:      layout_basic
D:3:      minmay_door_path, layout_loops_cross
D:4:      layout_basic, nemelex_altar_shiori, uniq_pikel

Notes
Turn   | Place    | Note
-------+----------+-------------------------------------------
     0 | D:1      | esteth the Octopode Fighter began the quest for the Orb.
     0 | D:1      | Reached XP level 1. HP: 16/16 MP: 1/1
     0 | D:1      | magus.rc [v1.11.3]
     1 | D:1      | Found a runed translucent door.
    71 | D:1      | Reached XP level 2. HP: 21/21 MP: 2/2
   195 | D:1      | Found a faded altar of an unknown god.
   546 | D:1      | Reached XP level 3. HP: 26/26 MP: 3/3
   885 | D:1      | Reached skill level 3 in Long Blades
  1131 | D:1      | Reached skill level 4 in Fighting
  1131 | D:1      | Reached XP level 4. HP: 25/33 MP: 4/4
  1452 | D:2      | Identified the +0 helmet "Amog" {rCorr SInv}
  2461 | D:3      | Reached XP level 5. HP: 38/38 MP: 5/5
  2863 | D:4      | Reached skill level 4 in Long Blades
  3123 | D:4      | Noticed a phantom
  3370 | D:4      | Reached skill level 5 in Fighting
  3470 | D:4      | Noticed a lemure
  3470 | D:4      | Noticed a lemure
  3471 | D:4      | Noticed Pikel
  3471 | D:4      | Noticed a lemure
  3471 | D:4      | Noticed a lemure
  3543 | D:4      | Killed a lemure
  3544 | D:4      | HP: 7/39 [Pikel/+2 whip of flaming (12)]
  3545 | D:4      | HP: 2/39 [Pikel/+2 whip of flaming (10)]
  3545 | D:4      | Slain by Pikel

Vanquished Creatures
  A lemure (D:4)
  3 gnolls (D:4)
  8 adders
  4 worms
  5 dart slugs
  2 orcs (D:3)
  5 ball pythons
  12 endoplasms
  12 giant cockroaches
  3 goblins
  8 hobgoblins
  6 jackals (D:1)
  9 kobolds
  4 bats
  4 frilled lizards
  7 rats
93 creatures vanquished.

Table legend:
 A = Non-vault XP
 B = Vault XP
 C = Vault XP percentage of total XP
 D = Non-vault monster count
 E = Vault monster count
 F = Vault count percentage of total count
                 A         B        C        D         E       F
            +---------+---------+-------+---------+---------+-------
      Total |     262 |      52 |  16.6 |      68 |      24 |  26.1
            +---------+---------+-------+---------+---------+-------
        D:1 |      34 |      52 |  60.5 |      18 |      24 |  57.1
        D:2 |      66 |       0 |   0.0 |      19 |       0 |   0.0
        D:3 |      43 |       0 |   0.0 |      11 |       0 |   0.0
        D:4 |     119 |       0 |   0.0 |      20 |       0 |   0.0
            +---------+---------+-------+---------+---------+-------

Illustrated notes

Table legend:
 A = Kills in this place as a percentage of kills in entire the game.
 B = Kills by you in this place as a percentage of kills by you in the entire game.
 C = Kills by friends in this place as a percentage of kills by friends in the entire game.
 D = Other kills in this place as a percentage of other kills in the entire game.
 E = Experience gained in this place as a percentage of experience gained in the entire game.
 F = Experience gained in this place divided by the number of levels of this place that you have seen.
                   A       B       C       D       E      F
               +-------+-------+-------+-------+-------+----------------------
         Total | 100.0 | 100.0 |   N/A |   N/A | 100.0 |  78.5
       Dungeon | 100.0 | 100.0 |   N/A |   N/A | 100.0 |  78.5
               +-------+-------+-------+-------+-------+----------------------

Table legend: (Time is in decaauts)
 A = Elapsed time spent in this place.
 B = Non-inter-level travel time spent in this place.
 C = Inter-level travel time spent in this place.
 D = Time resting spent in this place.
 E = Time spent auto-exploring this place.
 F = Levels seen in this place.
 G = Mean time per level.
                   A        B        C        D        E       F      G
               +--------+--------+--------+--------+--------+-----+--------+
         Total |   3592 |   3521 |     71 |    289 |   2582 |   4 |  898.0 |
       Dungeon |   3592 |   3521 |     71 |    289 |   2582 |   4 |  898.0 |
               +--------+--------+--------+--------+--------+-----+--------+

Top non-repeatable levels by time:
     D:1: 1233 daAuts
     D:2: 890 daAuts
     D:3: 749 daAuts
     D:4: 719 daAuts
